 Dungeon Crawl Stone Soup version 0.22.1-2-g9c5b331383 (webtiles) character file.

765 Jynx the Geomancer (level 7, -1/36 HPs)
             Began as a Gargoyle Earth Elementalist on Nov 16, 2018.
             Slain by an orc warrior
             ... wielding a +0 hand axe
              (2 damage)
             ... on level 5 of the Dungeon.
             The game lasted 00:07:56 (4648 turns).

Jynx the Geomancer (Gargoyle Earth Elementalist)    Turns: 4648, Time: 00:07:57

Health: -1/36      AC:  9    Str: 11    XL:     7   Next: 81%
Magic:  10/13      EV: 12    Int: 17    God:
Gold:   295        SH:  0    Dex: 15    Spells: 11/14 levels left

rFire    + . .     SeeInvis +   r - +2 dagger (speed)
rCold    + . .     Gourm    .   (no shield)
rNeg     + . .     Faith    .   s - +2 robe {rF+}
rPois    ∞         Spirit   .   w - +0 helmet {SInv}
rElec    +         Reflect  .   (no cloak)
rCorr    .         Harm     .   (no gloves)
MR       .....                  (no boots)
Stlth    ++........             (no amulet)
HPRegen  0.12/turn              u - ring of Udostuph {rC+ Dex+4}
MPRegen  0.13/turn              (no ring)

@: no status effects
A: negative energy resistance 1, electricity resistance, unbreathing,
petrification resistance, rot immunity, AC +4
a: no special abilities


You were on level 5 of the Dungeon.
You were not hungry.

You visited 1 branch of the dungeon, and saw 5 of its levels.

You collected 295 gold pieces.

Inventory:

Hand Weapons
 r - a +2 dagger of speed (weapon)
Missiles
 b - 45 stones (quivered)
Armour
 s - a +2 robe of fire resistance (worn)
 w - a +0 helmet of see invisible (worn)
Jewellery
 u - the ring of Udostuph (left hand) {rC+ Dex+4}
   (You found it on level 4 of the Dungeon)

   [ring of protection from cold]

   It affects your dexterity (+4).
   It protects you from cold.
 x - an uncursed amulet of magic regeneration {unknown}
Wands
 c - a wand of enslavement (9)
 f - a wand of digging (4)
 p - a wand of random effects (19)
Scrolls
 e - a scroll of remove curse
 i - a scroll of amnesia
 k - a scroll of noise {unknown}
 l - 2 scrolls of fog {unknown}
 m - 3 scrolls of enchant armour {unknown}
 o - 3 scrolls of teleportation {unknown}
 q - a scroll of immolation {unknown}
Potions
 g - a potion of brilliance
 h - 2 potions of lignification {unknown}
 j - a potion of agility
 n - 2 potions of mutation {unknown}
 t - a potion of resistance {unknown}
 v - a potion of haste {unknown}
 z - a potion of cancellation {unknown}
Comestibles
 a - a chunk of flesh
 d - 12 rations


   Skills:
 + Level 3.3 Short Blades
 - Level 1.5 Dodging
 - Level 2.1 Stealth
 + Level 4.2 Spellcasting
 - Level 0.7 Transmutations
 * Level 8.1 Earth Magic


You had 11 spell levels left.
You knew the following spells:

 Your Spells              Type           Power        Failure   Level  Hunger
a - Sandblast             Erth           ####..       1%          1    None
b - Passwall              Tmut/Erth      ###.....     3%          2    ##.....

Your spell library contained the following spells:

 Spells                   Type           Power        Failure   Level  Hunger
 Stone Arrow              Conj/Erth      ###...       9%          3    ###....
 Lee's Rapid Deconstruct  Erth           ####......   16%         5    ######.
 Petrify                  Tmut/Erth      ###.....     24%         4    ####...


Dungeon Overview and Level Annotations

Branches:
Dungeon (5/15)
 Temple: D:4-7

Altars:
Trog
Vehumet


Innate Abilities, Weirdness & Mutations

You are resistant to torment.
Your stone body is resilient. (AC +4)
You are immune to poison.
You resist negative energy. (rN+)
You are resistant to electric shocks. (rElec)
You can survive without breathing.
You are immune to petrification.
You are immune to rotting.


Message History

Casting: Sandblast (safe; 1% risk of failure)
Confirm with . or Enter, or press ? or * to list all spells.
Aiming: Sandblast (safe; 1% risk of failure)
Press: ? - help, Shift-Dir - straight line, f/p - orc warrior
Aim: an orc warrior, wielding a hand axe and wearing a chain mail (lightly The blast of sand hits the orc warrior.
The orc warrior is lightly wounded.
b - 46 stones The orc warrior hits you with a hand axe!
* * * LOW HITPOINT WARNING * * *
Casting: Sandblast (safe; 1% risk of failure)
Confirm with . or Enter, or press ? or * to list all spells.
Aiming: Sandblast (safe; 1% risk of failure)
Press: ? - help, Shift-Dir - straight line, f/p - orc warrior
Aim: an orc warrior, wielding a hand axe and wearing a chain mail (lightly The blast of sand hits the orc warrior.
The orc warrior is moderately wounded.
b - 45 stones The orc warrior hits you with a hand axe.
You die...

≈≈## ## ≈§§≈#######
#$..
≈§§≈......######.....
.≈..............<....
≈...........o).......
#.......#####......
###...o@#### .....
###.##...# ####
#.##...# #.##...##..
###.†.......#
#...........#
#.#..........# #.
##.##...##...
#.......##>##


You could see an orc warrior.

Vanquished Creatures
  Sigmund (D:4)
  Edmund (D:4)
  A scorpion (D:4)
  A centaur skeleton (D:5)
  An orc priest (D:3)
  A hound (D:4)
  A jelly (D:5)
  Jessica (D:2)
  Natasha (D:2)
  Terence (D:3)
  2 worker ants
  A hound skeleton (D:5)
  Robin (D:2)
  4 gnolls (D:3)
  3 adders
  A shadow imp (D:5)
  3 worms
  2 dart slugs (D:1)
  3 leopard geckos
  6 orcs
  A ball python (D:2)
  A giant cockroach (D:3)
  14 goblins
  12 hobgoblins
  4 jackals (D:2)
  5 kobolds
  3 quokkas
  12 bats
  5 frilled lizards
  A quokka skeleton (D:4)
  10 rats
104 creatures vanquished.

Notes
Turn   | Place    | Note
-------+----------+-------------------------------------------
     0 | D:1      | Jynx the Gargoyle Earth Elementalist began the quest for
                  | the Orb.
     0 | D:1      | Reached XP level 1. HP: 10/10 MP: 3/3
    89 | D:1      | Reached skill level 4 in Earth Magic
   329 | D:1      | Reached XP level 2. HP: 15/15 MP: 3/5
   393 | D:1      | Learned a level 2 spell: Passwall
   952 | D:1      | Reached XP level 3. HP: 19/19 MP: 6/6
  1355 | D:2      | Found a faded altar of an unknown god.
  1475 | D:2      | Noticed Jessica
  1483 | D:2      | Killed Jessica
  1483 | D:2      | Reached skill level 1 in Short Blades
  1483 | D:2      | Reached skill level 5 in Earth Magic
  1483 | D:2      | Reached XP level 4. HP: 20/24 MP: 2/8
  1580 | D:2      | Noticed Robin
  1603 | D:2      | Killed Robin
  1912 | D:2      | Noticed Natasha
  1923 | D:2      | Killed Natasha
  1923 | D:2      | Reached XP level 5. HP: 14/28 MP: 2/9
  2131 | D:2      | Found a radiant altar of Vehumet.
  2558 | D:3      | Reached skill level 6 in Earth Magic
  2785 | D:3      | Noticed Terence
  3045 | D:3      | Killed Terence
  3045 | D:3      | Reached XP level 6. HP: 32/32 MP: 6/10
  3711 | D:4      | Noticed Sigmund
  3719 | D:4      | Killed Sigmund
  3719 | D:4      | Reached skill level 7 in Earth Magic
  3719 | D:4      | Reached XP level 7. HP: 32/36 MP: 5/12
  3904 | D:4      | Found a bloodstained altar of Trog.
  3994 | D:4      | Got a crude silver ring
  3995 | D:4      | Identified the ring of Udostuph {rC+ Dex+4} (You found it
                  | on level 4 of the Dungeon)
  3998 | D:4      | Noticed Edmund
  4009 | D:4      | Killed Edmund
  4428 | D:5      | Entered Level 5 of the Dungeon
  4599 | D:5      | Reached skill level 8 in Earth Magic
  4647 | D:5      | HP: 1/36 [orc warrior/hand axe (15)]
  4648 | D:5      | Slain by an orc warrior

Skill      XL: |  1  2  3  4  5  6  7 |
---------------+----------------------+-----
Earth Magic    | 4 5 6 7 8 |  8.1
Short Blades   | 1 2 3 |  3.3
Spellcasting   | 3 4 |  4.2
Dodging        | |  1.5
Stealth        | |  2.1
Transmutations | |  0.7

Action                   |  1- 3 |  4- 6 |  7- 9 || total
-------------------------+-------+-------+-------++-------
Melee: Unarmed           |    10 |       |       ||    10
       Short sword       |    49 |    86 |       ||   135
       Dagger            |       |    46 |   107 ||   153
 Cast: Sandblast         |    27 |    49 |    17 ||    93
  Use: Scroll            |     3 |     4 |     2 ||     9
       Potion            |       |     1 |       ||     1
 Stab: Sleeping          |     6 |     8 |       ||    14
  Eat: Chunk             |     2 |     7 |     3 ||    12
Armor: Robe              |    32 |    54 |    24 ||   110
Dodge: Dodged            |    65 |    87 |    36 ||   188
